 Dungeon Crawl Stone Soup version 0.28-a0-664-gc179e30c89 (webtiles) character file.

Game seed: 13650872582158734091

232 andesha the Chopper (level 5, -1/47 HPs)
             Began as a Minotaur Berserker on Oct 15, 2021.
             Was a Priest of Trog.
             Succumbed to a kobold brigand's curare-tipped dart
             ... on level 3 of the Dungeon.
             The game lasted 00:07:45 (3155 turns).

andesha the Chopper (Minotaur Berserker)            Turns: 3155, Time: 00:07:45

Health: -1/47      AC:  7    Str: 22      XL:     5   Next: 73%
Magic:  4/4        EV: 10    Int:  3 (4)  God:    Trog [***...]
Gold:   117        SH:  0    Dex:  9 (10) Spells: 4/4 levels left

rFire   . . .      SeeInvis .   a - +1 hand axe
rCold   . . .      Faith    .   (no shield)
rNeg    . . .      Spirit   .   e - +1 scale mail
rPois   .          Reflect  .   (helmet restricted)
rElec   .          Harm     .   (no cloak)
rCorr   .          Rampage  .   (no gloves)
Will    .....                   (no boots)
Stlth   ..........              (no amulet)
HPRegen 0.15/turn               (no ring)
MPRegen 0.09/turn               (no ring)

@: lethally poisoned (-1 -> -10), slowed, very slow
A: horns 2, retaliatory headbutt, wild magic 1
a: Renounce Religion, Berserk, Trog's Hand


You were on level 3 of the Dungeon.
You worshipped Trog.
Trog was most pleased with you.
You visited 1 branch of the dungeon, and saw 3 of its levels.

You collected 117 gold pieces.

Inventory:

Hand Weapons
 a - a +1 hand axe (weapon)
Armour
 e - a +1 scale mail (worn)
Potions
 b - a potion of curing
 c - a potion of ambrosia {unknown}
 d - a potion of cancellation


   Skills:
 + Level 4.6 Fighting
 * Level 6.5 Axes
 + Level 3.3 Armour
 + Level 2.7 Dodging
 + Level 0.4 Stealth


You had 4 spell levels left.
You didn't know any spells.
Your spell library was empty.

Dungeon Overview and Level Annotations

Branches:
Dungeon (3/15)

Altars:
Okawaru


Innate Abilities, Weirdness & Mutations

You have a pair of horns on your head.
You reflexively headbutt those who attack you in melee.
Your spells are a little harder to cast, but a little more powerful.


Message History

Press: ? - help, Dir - move target, f/p - kobold brigand
Aim: a kobold brigand, wielding a +0 dagger of speed and quivering poisoned darts (almost dead, about 45% to evade your +1 hand axe)
You hit the kobold brigand.
You kill the kobold brigand!
Trog accepts your kill.
You feel your intelligence returning.
You feel your dexterity returning.
Your Axes skill increases to level 6!
Things that are here:
a +0 dagger of speed; 19 poisoned darts You feel a strong urge to attack something.
Things that are here:
a +0 long sword; a kobold corpse Calm down first, please.
You are no longer berserk.
You are exhausted.
You feel yourself slow down.
A kobold brigand comes into view.
It is wielding a +2 dagger of speed and quivering curare-tipped darts.
You feel yourself speed up.
The kobold brigand shouts!
The kobold brigand throws a curare-tipped dart.
The curare-tipped dart hits you.
You are poisoned.
You have difficulty breathing.
You feel yourself slow down.
You feel very sick.
Things that are here:
a +0 dagger of speed; 19 poisoned darts You feel very sick.
You feel sick.
You feel sick.
You feel sick.
You feel sick.
You are no longer poisoned.
The kobold brigand throws a curare-tipped dart.
The curare-tipped dart hits you.
You are poisoned.
You have difficulty breathing.
* * * LOW HITPOINT WARNING * * *
You feel as though you will be slow longer.
You recover from your berserk rage.
You die...

..............#.# ############.
......#.......#.# ###≈≈≈#### #.
.######.......#)## ≈≈≈≈≈≈≈≈ ##
.# #........).# ≈≈≈≈≈≈ ## #. .#
#.........)####≈≈≈# #... . .#
#.......##....#####..... # .#
#.......##...K.).....###### .#
##.#..####.###.)...###≈≈≈≈≈ .#
#.#..# #.@# ###########≈≈≈ .#
#.#..###.## #.....##.≈≈ .#
#....##..# #.###.##.##
.########...##.#### #.# #.##.#
..................#####.###.##.#
#########.#.................##.#
#.#.##..).......##..##.##
#...(..##.########.......
###.##.##.# #..#####


There were no monsters in sight!

Vanquished Creatures
  A kobold brigand (D:3)
  2 orc wizards (D:3)
  An adder (D:2)
  6 worms
  A dart slug (D:2)
  2 orcs (D:3)
  6 ball pythons
  9 endoplasms
  7 giant cockroaches
  7 goblins
  8 hobgoblins
  5 quokkas
  14 kobolds
  4 rats
73 creatures vanquished.

Notes
Turn   | Place    | Note
-------+----------+-------------------------------------------
     0 | D:1      | andesha the Minotaur Berserker began the quest for the Orb.
     0 | D:1      | Reached XP level 1. HP: 19/19 MP: 0/0
   137 | D:1      | Reached skill level 4 in Axes
   137 | D:1      | Reached XP level 2. HP: 18/27 MP: 1/1
   250 | D:1      | Found a faded altar of an unknown god.
   972 | D:2      | Reached XP level 3. HP: 8/33 MP: 2/2
  1255 | D:2      | Gained mutation: Your spells are a little harder to cast,
                  | but a little more powerful. [potion of mutation]
  1998 | D:2      | Reached ** piety under Trog
  2296 | D:3      | Reached skill level 5 in Axes
  2296 | D:3      | Reached XP level 4. HP: 41/41 MP: 3/3
  2515 | D:3      | Reached XP level 5. HP: 44/47 MP: 4/4
  2955 | D:3      | Found an iron altar of Okawaru.
  3115 | D:3      | Reached *** piety under Trog
  3120 | D:3      | Reached skill level 6 in Axes
  3154 | D:3      | HP: 2/47 [asphyx]
  3155 | D:3      | Succumbed to a kobold brigand's curare-tipped dart

Illustrated notes

Levels and vault maps discovered:
D:1:      tarquinn_simple_flora_water_c, layout_basic, basic_ecumenical_altar,
          minmay_unequal
D:2:      layout_basic, st_stairs_2
D:3:      cheibrodos_thug_alley, layout_loops_ring, lemuel_tele_altar

Skill      XL: |  1  2  3  4  5 |
---------------+----------------+-----
Axes           | 4 5 6 |  6.5
Fighting       | 4 |  4.6
Armour         | 3 |  3.3
Dodging        | |  2.7
Stealth        | |  0.4

Action                   |  1- 3 |  4- 6 || total
-------------------------+-------+-------++-------
Melee: Hand axe          |   104 |    82 ||   186
       Headbutt          |    12 |    15 ||    27
Invok: Berserk           |       |     1 ||     1
  Use: Scroll            |     7 |     3 ||    10
       Potion            |     7 |     1 ||     8
Armor: Animal skin       |     2 |       ||     2
       Scale mail        |    42 |    28 ||    70
Dodge: Dodged            |    51 |    38 ||    89

Table legend: (Time is in decaauts)
 A = Elapsed time spent in this place.
 B = Non-inter-level travel time spent in this place.
 C = Inter-level travel time spent in this place.
 D = Time resting spent in this place.
 E = Time spent auto-exploring this place.
 F = Levels seen in this place.
 G = Mean time per level.
                   A        B        C        D        E       F      G
               +--------+--------+--------+--------+--------+-----+--------+
         Total |   3170 |   3086 |     84 |    267 |   2210 |   3 | 1056.7 |
       Dungeon |   3170 |   3086 |     84 |    267 |   2210 |   3 | 1056.7 |
               +--------+--------+--------+--------+--------+-----+--------+

Top non-repeatable levels by time:
     D:2: 1364 daAuts
     D:1: 926 daAuts
     D:3: 880 daAuts
